 Dungeon Crawl Stone Soup version 0.30-a0-1075-gcd70e7a56d (webtiles) character file.

Game seed: 5386627525193030156

364 bmack86 the Chopper (level 6, 0/84 HPs)
             Began as a Minotaur Fighter on Apr 14, 2023.
             Slain by a killer bee (6 damage)
             ... on level 4 of the Dungeon.
             The game lasted 00:06:32 (1876 turns).

bmack86 the Chopper (Minotaur Fighter)              Turns: 1876, Time: 00:06:35

Health: 0/84       AC: 23    Str: 22    XL:     6   Next: 39%
Magic:  5/5        EV:  2    Int:  5    God:
Gold:   197        SH:  5    Dex: 10    Spells: 5/5 levels left

rFire   . . .      SeeInvis .    a - +0 war axe
rCold   . . .      Faith    .    c - +0 buckler
rNeg    . . .      Spirit   .    b - melded +0 scale mail
rPois   +          Reflect  .    (helmet currently unavailable)
rElec   .          Rampage  .    (cloak currently unavailable)
rCorr   .          NoTele   +    g - melded +0 pair of gloves
Will    .....                    (boots currently unavailable)
Stlth   +                        (no amulet)
HPRegen 0.34/turn                (no ring)
MPRegen 0.09/turn                (no ring)

@: lethally poisoned (0 -> -15), tree-form
A: stationary, stasis, torment immunity, boosted hp, (horns 2), (retaliatory
headbutt)
a: no special abilities


You were on level 4 of the Dungeon.
You were a tree.
You visited 1 branch of the dungeon, and saw 4 of its levels.

You collected 197 gold pieces.

Inventory:

Hand Weapons
 a - a +0 war axe (weapon)
 h - a +1 hand axe of freezing
 w - a +0 war axe
Armour
 b - a +0 scale mail (melded)
 c - a +0 buckler (worn)
 g - a +0 pair of gloves (melded)
Jewellery
 e - a ring of wizardry
Scrolls
 f - 2 scrolls of immolation
 i - 8 scrolls of teleportation
 k - a scroll of fog
 m - a scroll of blinking
 p - a scroll of silence {unknown}
 q - a scroll of brand weapon {unknown}
 u - a scroll of identify
 v - 2 scrolls of vulnerability {unknown}
Potions
 d - 3 potions of might
 j - a potion of invisibility
 l - a potion of brilliance
 n - a potion of curing {unknown}
 o - a potion of magic {unknown}
 r - 2 potions of lignification
 s - a potion of attraction {unknown}
 t - a potion of heal wounds {unknown}


   Skills:
 + Level 5.0 Fighting
 * Level 5.6 Axes
 + Level 5.0 Armour
 + Level 5.0 Shields


You had 5 spell levels left.
You didn't know any spells.
Your spell library contained the following spells:

 Spells                   Type           Power      Damage    Failure   Level
 Summon Small Mammal      Summ           0%         N/A       56%         1
 Blink                    Tloc           0%         N/A       71%         2
 Ensorcelled Hibernation  Hex/Ice        0%         N/A       71%         2
 Lesser Beckoning         Tloc           0%         N/A       71%         2
 Momentum Strike          Conj/Tloc      0%         3d8       71%         2
 Passwall                 Tmut/Erth      0%         N/A       71%         2
 Call Canine Familiar     Summ           0%         N/A       90%         3
 Summon Guardian Golem    Hex/Summ       0%         N/A       90%         3
 Swiftness                Air            0%         N/A       90%         3


Dungeon Overview and Level Annotations

Branches:
Dungeon (4/15)
 Temple: D:4-7

Altars:


Innate Abilities, Weirdness & Mutations

You are a tree.
Your roots penetrate the ground, keeping you stationary.
You cannot be teleported.
You are immune to unholy pain and torment.
Your maximum health is greatly increased.
Your equipment is partially melded.
((You have a pair of horns on your head.))
((You reflexively headbutt those who attack you in melee.))


Message History

Your Fighting skill increases to level 5!
Your Armour skill increases to level 5!
Your Shields skill increases to level 5!
Unknown command.
You feel sick.
You start resting.
You feel sick. x2
You are no longer poisoned.
You start resting.
A killer bee comes into view.
A killer bee is nearby!
The killer bee buzzes angrily.
The killer bee closely misses you.
You miss the killer bee. Your headbutt misses the killer bee.
The killer bee closely misses you. The killer bee stings you.
You are poisoned.
The killer bee poisons you!
You completely miss the killer bee. Your headbutt misses the killer bee.
You feel very sick. The killer bee stings you.
You are more poisoned.
The killer bee poisons you! The killer bee barely misses you.
You furiously retaliate!
You headbutt the killer bee, but do no damage.
You miss the killer bee.
You headbutt the killer bee, but do no damage.
You feel very sick. The killer bee stings you.
* * * LOW HITPOINT WARNING * * *
The killer bee barely misses you. The killer bee stings you!
* * * LOW HITPOINT WARNING * * *
You are more poisoned.
The killer bee poisons you!
It was a potion of lignification.
You turn into a tree.
Your +0 pair of gloves melds into your body.
Your +0 scale mail melds into your body.
Your roots penetrate the ground.
* * * LOW HITPOINT WARNING * * *
You feel very sick. The killer bee stings you.
You die...

.. ...#########
...........#
..........#####
#............#
####............#
.#########................
........y♣.#####......)###
..###...###...###...###...
#.###.#.....#.###(#.... #.
#...#...#...#...#... #
#...#####...#...#### #...#
#...#...#... ##y#.
.#.###.#.... .###.
.###...###... §. ##
#.....#.###


You could see a killer bee.

Vanquished Creatures
  3 killer bees (D:4)
  A hound (D:4)
  Natasha (thrice) (D:2)
  Terence (D:2)
  A gnoll (D:1)
  2 adders
  A worm (D:2)
  2 dart slugs
  6 endoplasms
  6 giant cockroaches
  5 goblins
  2 hobgoblins
  5 jackals
  A kobold (D:1)
  A quokka (D:3)
  4 ball pythons
  6 bats
  2 frilled lizards
  26 rats
78 creatures vanquished.

Notes
Turn   | Place    | Note
-------+----------+-------------------------------------------
     0 | D:1      | bmack86 the Minotaur Fighter began the quest for the Orb.
     0 | D:1      | Reached XP level 1. HP: 19/19 MP: 0/0
   193 | D:1      | Reached XP level 2. HP: 23/27 MP: 1/1
   332 | D:1      | Reached XP level 3. HP: 33/33 MP: 2/2
   458 | D:1      | Found a faded altar of an unknown god.
   877 | D:2      | Noticed Natasha
   886 | D:2      | Killed Natasha
   887 | D:2      | Reached XP level 4. HP: 34/40 MP: 3/3
   954 | D:2      | Noticed Terence
   954 | D:2      | Noticed Natasha
   967 | D:2      | Killed Terence
   982 | D:2      | Killed Natasha
  1127 | D:2      | Noticed Natasha
  1133 | D:2      | Killed Natasha
  1134 | D:2      | Reached XP level 5. HP: 47/47 MP: 4/4
  1790 | D:4      | Reached skill level 5 in Axes
  1858 | D:4      | Reached XP level 6. HP: 39/55 MP: 5/5
  1862 | D:4      | Reached skill level 5 in Fighting
  1862 | D:4      | Reached skill level 5 in Armour
  1862 | D:4      | Reached skill level 5 in Shields
  1876 | D:4      | Slain by a killer bee

Illustrated notes

Levels and vault maps discovered:
D:1:      dpeg_arrival_fog, layout_loops_ring,
          hellmonk_ecumenical_altar_pennies_from_heaven
D:2:      layout_rooms, minmay_pentomino_w2, uniq_terence, uniq_natasha
D:3:      layout_rooms, minmay_rat_hole
D:4:      nicolae_cairo_tiling, layout_basic, serial_shops,
          kennysheep_little_box, nicolae_shop_behind_doors, uniq_duvessa

Skill      XL: |  1  2  3  4  5  6 |
---------------+-------------------+-----
Axes           | 3 4 5 |  5.6
Armour         | 4 5 |  5.0
Shields        | 4 5 |  5.0
Fighting       | 4 5 |  5.0

Action                     |  1- 3 |  4- 6 || total
---------------------------+-------+-------++-------
  Melee: War axe           |    55 |    90 ||   145
         Headbutt          |    10 |    12 ||    22
    Use: Scroll            |     6 |       ||     6
         Potion            |       |     1 ||     1
 Armour: Scale mail        |    34 |    69 ||   103
  Dodge: Dodged            |    38 |    55 ||    93
  Block: Buckler           |    22 |    26 ||    48

Table legend: (Time is in decaauts)
 A = Elapsed time spent in this place.
 B = Non-inter-level travel time spent in this place.
 C = Inter-level travel time spent in this place.
 D = Time resting spent in this place.
 E = Time spent auto-exploring this place.
 F = Levels seen in this place.
 G = Mean time per level.
                   A        B        C        D        E       F      G
               +--------+--------+--------+--------+--------+-----+--------+
         Total |   1932 |   1868 |     64 |      8 |   1138 |   4 |  483.0 |
       Dungeon |   1932 |   1868 |     64 |      8 |   1138 |   4 |  483.0 |
               +--------+--------+--------+--------+--------+-----+--------+

Top non-repeatable levels by time:
     D:1: 798 daAuts
     D:2: 537 daAuts
     D:3: 502 daAuts
     D:4: 95 daAuts
